 Dungeon Crawl Stone Soup version 0.21-a0-125-gb006224 (webtiles) character file.

799 sagitran the Chopper (level 7, -2/55 HPs)
             Began as a Demonspawn Abyssal Knight on July 14, 2017.
             Was a Priest of Lugonu.
             Succumbed to a gnoll's poison
             ... on level 5 of the Dungeon.
             The game lasted 00:27:59 (4416 turns).

sagitran the Chopper (Demonspawn Abyssal Knight)    Turns: 4416, Time: 00:27:59

Health: -2/55      AC: 16    Str: 14    XL:     7   Next: 59%
Magic:  8/8        EV:  5    Int: 13    God:    Lugonu [***...]
Gold:   298        SH:  0    Dex: 17    Spells: 5/6 levels left

rFire    + . .     SeeInvis .   a - +2 hand axe
rCold    . . .     Gourm    .   (no shield)
rNeg     . . .     Faith    +   d - +4 plate armour {MR+}
rPois    .         Spirit   .   (no helmet)
rElec    .         Reflect  .   (no cloak)
rCorr    .         Harm     .   (no gloves)
MR       +....                  (no boots)
Stlth    ..........             u - amulet of faith
HPRegen  0.18/turn              (no ring)
MPRegen  0.11/turn              (no ring)

@: lethally poisoned (-2 -> -28), flying
A: hooves 1, thin skeletal structure 2, demonic guardian 1, fire resistance 1
a: Depart the Abyss, Bend Space, Banish, Renounce Religion


You were on level 5 of the Dungeon.
You worshipped Lugonu.
Lugonu was most pleased with you.
You were very full.

You visited 2 branches of the dungeon, and saw 7 of its levels.
You visited the Abyss 1 time.

You collected 298 gold pieces.

Inventory:

Hand Weapons
 a - a +2 hand axe (weapon)
 f - a +1 rapier of speed
Armour
 d - a +4 plate armour of magic resistance (worn)
Jewellery
 u - an amulet of faith (around neck)
Wands
 t - a wand of iceblast (0/15)
Scrolls
 b - a scroll of identify
 e - 3 scrolls of teleportation
 g - 3 scrolls of magic mapping
 n - a scroll of remove curse
Potions
 h - a potion of might
 j - a potion of flight
Books
 w - a book of Cantrips

   Spells                             Type                      Level
   a - Confusing Touch                Hexes                        1
   b - Animate Skeleton               Necromancy                   1
   c - Summon Small Mammal            Summoning                    1
   d - Apportation                    Translocation                1
Comestibles
 c - a bread ration
 i - 8 fruits
 k - 4 meat rations
 m - a royal jelly


   Skills:
 + Level 4.4 Fighting
 + Level 5.0 Axes
 + Level 4.7 Armour
 + Level 2.0 Dodging
 + Level 0.8 Stealth
 + Level 0.3 Spellcasting
 + Level 0.7 Necromancy
 + Level 2.6 Invocations
 + Level 1.1 Evocations


You had 5 spell levels left.
You knew the following spells:

 Your Spells              Type           Power        Failure   Level  Hunger
a - Animate Skeleton      Necr           N/A          100%        1    ##.....


Dungeon Overview and Level Annotations

Branches:
Dungeon (6/15)             Temple (1/1) D:5

Altars:
Ashenzari
Hepliaklqana
Makhleb
Nemelex Xobeh
Okawaru
Uskayaw
Vehumet
Wu Jian
Yredelemnul
The Shining One

Shops:
D:4 (


Innate Abilities, Weirdness & Mutations

You have large cloven feet.
You have a moderately thin skeletal structure. (Dex +4, Stealth+)
A weak demonic guardian rushes to your aid.
Your flesh is heat resistant. (rF+)


Message History

You feel very buoyant.
You fly up into the air.
* * * LOW HITPOINT WARNING * * *
You feel very sick.
As you read the scroll labeled SAEPOOD SOIKK, it crumbles to dust.
It is a scroll of enchant weapon.
Your +1 hand axe glows red for a moment.
* * * LOW HITPOINT WARNING * * *
You feel very sick.
As you read the scroll labeled BOASCH JIGOAJEWN, it crumbles to dust.
The scroll dissolves into smoke.
It was a scroll of fog.
* * * LOW HITPOINT WARNING * * *
You feel sick.
Okay, then.
* * * LOW HITPOINT WARNING * * *
You feel very sick.
You see here a flail.
* * * LOW HITPOINT WARNING * * *
You feel sick.
You die...

#######................# #..(# #
#....)...............# ##(.##
###.####..........#....# #(.#.
....# #.........§#§...######.(#.
##..# ##########§§§........#....
#...#############§§§........#(..#
#..............§§§§§..(......((.#
#...#############§§§........#(.##
###'###.........@§§.........'.>[.
#....#.##.....##...........#.###
#....#.##.###.##...........#.#<#
#....#.##.# #.##...........#.#.#
#))..#.##.# #.##...........#.#.#
#....#.##.# #.##...........#...#
##'###.##.# #.##################
#.###.##.# #.# #.#...#


There were no monsters in sight!

Vanquished Creatures
  Sigmund (D:5)
  Eustachio (D:4)
  A centaur zombie (D:5)
  A hound (D:4)
  A bullfrog skeleton (D:6)
  An orc priest (D:5)
  2 worker ants
  2 hound zombies (D:5)
  5 gnolls
  3 adders
  An ooze (D:3)
  2 worms
  2 dart slugs
  2 leopard geckos
  5 orcs
  A ball python (D:2)
  2 giant cockroaches
  3 goblins
  7 hobgoblins
  2 quokkas
  9 bats
  A jackal skeleton (D:4)
  5 kobolds
  8 rats
68 creatures vanquished.

Vanquished Creatures (collateral kills)
  A bullfrog (D:6)
  A scorpion (D:5)
  A howler monkey (D:5)
  A bullfrog zombie (D:6)
  A centaur zombie (D:6)
  A bullfrog skeleton (D:5)
  A leopard gecko (D:4)
  An orc (D:5)
8 creatures vanquished.

Grand Total: 76 creatures vanquished

Notes
Turn   | Place    | Note
-------+----------+-------------------------------------------
     0 | Abyss:1  | sagitran the Demonspawn Abyssal Knight began the quest for the Orb.
     0 | Abyss:1  | Reached XP level 1. HP: 18/18 MP: 2/2
    24 | D:1      | Escaped the Abyss
   283 | D:1      | Gained mutation: A weak demonic guardian rushes to your aid. [demonic ancestry]
   283 | D:1      | Reached XP level 2. HP: 3/24 MP: 3/3
   634 | D:1      | Reached skill level 2 in Axes
  1009 | D:2      | Found a shattered altar of Ashenzari.
  1140 | D:2      | Gained mutation: You have large cloven feet. [demonic ancestry]
  1140 | D:2      | Reached XP level 3. HP: 15/29 MP: 4/4
  1840 | D:2      | Found a hazy altar of Hepliaklqana.
  1844 | D:2      | Found a sparkling altar of Nemelex Xobeh.
  1844 | D:2      | Found an ornate altar of the Wu Jian Council.
  1959 | D:4      | Found Quixkeol's Antique Weapon Shoppe.
  2003 | D:3      | Found a glowing golden altar of the Shining One.
  2102 | D:5      | Entered Level 5 of the Dungeon
  2102 | D:5      | Found a hide-covered altar of Uskayaw.
  2102 | D:5      | Noticed a hand axe
  2102 | D:5      | Noticed a dagger
  2202 | D:4      | Noticed Eustachio
  2205 | D:4      | Reached ** piety under Lugonu
  2282 | D:3      | Found a basalt altar of Yredelemnul.
  2430 | D:3      | Reached skill level 1 in Dodging
  2436 | D:3      | Found a burning altar of Makhleb.
  2494 | D:3      | Found a radiant altar of Vehumet.
  2869 | D:4      | Reached XP level 4. HP: 34/37 MP: 5/5
  2897 | D:4      | Learned a level 1 spell: Animate Skeleton
  3008 | D:4      | Killed Eustachio
  3008 | D:4      | Reached skill level 3 in Axes
  3008 | D:4      | Reached skill level 1 in Evocations
  3008 | D:4      | Gained mutation: You have a somewhat thin skeletal structure. (Dex +2, Stealth) [demonic ancestry]
  3008 | D:4      | Reached XP level 5. HP: 18/42 MP: 4/6
  3680 | D:5      | Gained mutation: Your flesh is heat resistant. (rF+) [demonic ancestry]
  3680 | D:5      | Reached XP level 6. HP: 47/48 MP: 7/7
  3710 | D:5      | Found a staircase to the Ecumenical Temple.
  3728 | Temple   | Entered the Ecumenical Temple
  4022 | D:5      | Reached skill level 4 in Axes
  4146 | D:6      | Reached *** piety under Lugonu
  4146 | D:6      | Gained mutation: You have a moderately thin skeletal structure. (Dex +4, Stealth+) [demonic ancestry]
  4146 | D:6      | Reached XP level 7. HP: 44/54 MP: 8/8
  4255 | D:5      | Found an iron altar of Okawaru.
  4349 | D:5      | Noticed Sigmund
  4364 | D:5      | Killed Sigmund
  4410 | D:5      | Reached skill level 5 in Axes
  4415 | D:5      | HP: 1/55 [poisoned by a gnoll]
  4416 | D:5      | Succumbed to a gnoll's poison

Vault maps used:
D:1:      onia_arrival_pentagram, serial_bayou_ford_a
D:2:      minitemple, nicolae_ashenzari_panopticon
D:3:      lemuel_doored_altar, old_standard_altar, yredelemnul_altar_generic,
          tso_metal_star
D:4:      serial_shops, shop, first_bread, grunt_ministairs_15,
          minmay_checkerbox, uniq_eustachio
D:5:      okawaru_altar_gauntlet_db, dancing_weapons_uskayaw,
          minmay_temple_entry_purple_smoke, minmay_fountain_box, uniq_sigmund
D:6:      elyvilon_altar_5, hangedman_decor_lopped, minmay_statues_item,
          grunt_ministairs_2, kennysheep_nondescript,
          minmay_misc_feat_nine_boxes, uniq_duvessa
Temple:   zaba_magenta_temple

Skill      XL: |  1  2  3  4  5  6  7 |
---------------+----------------------+-----
Armour         | 2 3 4 |  4.7
Axes           | 2 3 4 5 |  5.0
Dodging        | 1 2 |  2.0
Fighting       | 4 |  4.4
Evocations     | 1 |  1.1
Stealth        | |  0.8
Spellcasting   | |  0.3
Necromancy     | |  0.7
Invocations    | |  2.6

Action                   |  1- 3 |  4- 6 |  7- 9 || total
-------------------------+-------+-------+-------++-------
Melee: Hand axe          |   141 |   132 |    35 ||   308
       Kick              |    15 |    36 |    11 ||    62
Evoke: Wand              |       |     4 |     3 ||     7
  Use: Scroll            |     4 |     2 |     2 ||     8
       Potion            |       |     7 |     1 ||     8
 Stab: Distracted        |       |     1 |       ||     1
  Eat: Bread ration      |     2 |       |     2 ||     4
Armor: Leather armour    |    36 |       |       ||    36
       Ring mail         |    18 |     9 |       ||    27
       Plate armour      |       |   193 |    34 ||   227
Dodge: Dodged            |    96 |    76 |    11 ||   183
